 Dungeon Crawl Stone Soup version 0.24.0-37-gcf1ca852f1 (webtiles) character file.

Game seed: 5136321334398561754, levelgen mode: deterministic

144 Delamore the Chopper (level 5, -3/45 HPs)
             Began as a Hill Orc Fighter on Nov 29, 2019.
             Killed by nerve-wracking pain
             ... invoked by Grinder
              (8 damage)
             ... on level 3 of the Dungeon.
             The game lasted 00:02:26 (1846 turns).

Delamore the Chopper (Hill Orc Fighter)             Turns: 1846, Time: 00:02:26

Health: -3/45      AC: 12    Str: 20    XL:     5   Next: 26%
Magic:  5/5        EV:  3    Int:  8    God:
Gold:   139        SH:  9    Dex: 10    Spells: 4/4 levels left

rFire    . . .     SeeInvis .   a - +0 war axe
rCold    . . .     Gourm    .   c - +0 shield
rNeg     . . .     Faith    .   s - +0 plate armour
rPois    .         Spirit   .   (no helmet)
rElec    .         Reflect  .   (no cloak)
rCorr    .         Harm     .   e - +0 pair of gloves
MR       .....                  (no boots)
Stlth    ..........             (no amulet)
HPRegen  0.15/turn              (no ring)
MPRegen  0.09/turn              (no ring)

@: starving
A: no striking features
a: no special abilities


You were on level 3 of the Dungeon.
You were starving.

You visited 1 branch of the dungeon, and saw 3 of its levels.

You collected 139 gold pieces.

Inventory:

Hand Weapons
 a - a +0 war axe (weapon)
Missiles
 g - 3 boomerangs (quivered)
Armour
 b - a +0 scale mail
 c - a +0 shield (worn)
 e - a +0 pair of gloves (worn)
 s - a +0 plate armour (worn)
Wands
 n - a wand of acid (6)
Scrolls
 h - 2 scrolls of identify {unknown}
 m - 2 scrolls of magic mapping {unknown}
 o - 3 scrolls of remove curse {unknown}
Potions
 d - a potion of might
 i - 4 potions of haste {unknown}
 k - 3 potions of curing
 p - a potion of ambrosia {unknown}
 r - a potion of invisibility {unknown}
Comestibles
 f - 6 rations


   Skills:
 - Level 3.6 Fighting
 + Level 7.0 Axes
 - Level 3.2 Armour
 - Level 3.2 Shields


You had 4 spell levels left.
You didn't know any spells.
Your spell library was empty.

Dungeon Overview and Level Annotations

Branches:
Dungeon (3/15)

Altars:
Nemelex Xobeh

Annotations:
D:3 Grinder


Message History

You can move again.
Throwing (i - inventory)
g - 3 boomerangs (quivered)
Press: ? - help, Shift-Dir - straight line, f/p - Grinder
Aim: Grinder (severely wounded)
You throw a boomerang. The boomerang barely misses Grinder.
Grinder hits you but does no damage.
You hit Grinder.
Grinder is almost dead.
Grinder barely misses you. Grinder gestures at you.
Pain shoots through your body!
* * * LOW HITPOINT WARNING * * *
You closely miss Grinder.
Grinder is almost dead.
Grinder hits you but does no damage.
You closely miss Grinder.
Grinder is almost dead.
Grinder gestures at you. Pain shoots through your body!
You die...

##..(...(#
##.(...(.[##
#(..>.(....#
#...(.....!#
.#..........#
............#
.......(.<..#
#.#........##
#....@...#
#......5.<..#
#...........#
............#
##..........#
#.......((.#
..#........##
#.##......##


You could see Grinder.

Vanquished Creatures
  A centaur (D:2)
  An adder (D:2)
  2 worms (D:2)
  3 leopard geckos (D:1)
  2 orcs
  5 giant cockroaches (D:1)
  3 goblins
  7 hobgoblins
  A quokka (D:3)
  3 bats
  2 frilled lizards
  4 kobolds (D:1)
  7 rats
41 creatures vanquished.

Notes
Turn   | Place    | Note
-------+----------+-------------------------------------------
     0 | D:1      | Delamore the Hill Orc Fighter began the quest for the Orb.
     0 | D:1      | Reached XP level 1. HP: 19/19 MP: 1/1
    15 | D:1      | Reached skill level 3 in Axes
   105 | D:1      | Reached XP level 2. HP: 24/26 MP: 2/2
   195 | D:1      | Reached skill level 4 in Axes
   339 | D:1      | Reached XP level 3. HP: 29/31 MP: 3/3
   698 | D:2      | Reached skill level 5 in Axes
   806 | D:2      | Noticed a centaur
   819 | D:2      | Killed a centaur
   819 | D:2      | Reached skill level 6 in Axes
   819 | D:2      | Reached XP level 4. HP: 22/39 MP: 4/4
   819 | D:2      | Reached XP level 5. HP: 25/45 MP: 5/5
  1084 | D:2      | Reached skill level 7 in Axes
  1381 | D:3      | Found a sparkling altar of Nemelex Xobeh.
  1386 | D:3      | Noticed Grinder
  1403 | D:3      | HP: 1/45 [Grinder/nerve-wracking pain (11)]
  1622 | D:3      | Paralysed by Grinder for 6 turns
  1812 | D:3      | Paralysed by Grinder for 4 turns
  1821 | D:3      | Paralysed by Grinder for 5 turns
  1839 | D:3      | Paralysed by Grinder for 4 turns
  1846 | D:3      | Killed from afar by Grinder

Levels and vault maps discovered:
D:1:      dpeg_arrival_prison, layout_rooms
D:2:      layout_loops_ring
D:3:      minmay_recursive_quarters, layout_rooms, lemuel_crystal_altar,
          first_ration, nicolae_ru_the_path_less_chosen, uniq_grinder

Skill      XL: |  1  2  3  4  5 |
---------------+----------------+-----
Axes           | 3 4 6 7 |  7.0
Fighting       | |  3.6
Armour         | |  3.2
Shields        | |  3.2

Action                   |  1- 3 |  4- 6 || total
-------------------------+-------+-------++-------
Melee: War axe           |   133 |    44 ||   177
Throw: Boomerang         |       |    20 ||    20
       Dart              |       |    16 ||    16
  Use: Potion            |       |     1 ||     1
  Eat: Chunk             |       |     1 ||     1
Armor: Scale mail        |    69 |       ||    69
       Plate armour      |       |    24 ||    24
Dodge: Dodged            |    39 |     4 ||    43
Block: Shield            |    64 |    16 ||    80
